 Dungeon Crawl Stone Soup version 0.31.0-9-g3a7656b989 (webtiles) character file.

Game seed: 346651844774889678

249 qw the Shooter (level 5, -3/26 HPs)
             Began as a Spriggan Hunter on Feb 2, 2024.
             Slain by a gnoll
             ... wielding a +0 halberd
              (11 damage)
             ... on level 3 of the Dungeon.
             The game lasted 00:00:08 (2000 turns).

qw the Shooter (Spriggan Hunter)                    Turns: 2000, Time: 00:00:09

Health: -3/26      AC:  2    Str:  7    XL:     5   Next: 87%
Magic:  6/6        EV: 20    Int: 11    God:
Gold:   180        SH:  0    Dex: 20    Spells: 4/4 levels left

rFire   . . .        a - +0 shortbow
rCold   . . .        (shield currently unavailable)
rNeg    . . .        c - +0 robe
rPois   .            (helmet restricted)
rElec   .            (no cloak)
rCorr   .            (gloves unavailable)
SInv    +            (boots unavailable)
Will    .....        (no amulet)
Stlth   ++           (no ring)
HPRegen 0.24/turn    (no ring)
MPRegen 0.10/turn

%: no passive effects
@: very quick
A: very small, no large weapons, unfitting armour, see invisible, speed 3
a: no special abilities


You were on level 3 of the Dungeon.
You visited 1 branch of the dungeon, and saw 3 of its levels.

You collected 180 gold pieces.


Innate Abilities, Weirdness & Mutations

You are very small and have problems with some larger weapons.
You are too small for most types of armour.
You have supernaturally acute eyesight. (SInv)
You cover ground extremely quickly. (Speed+++)


   Skills:
 - Level 2.0 Fighting
 - Level 6.1 Ranged Weapons
 + Level 5.1 Dodging
 - Level 1.5 Stealth


You had 4 spell levels left.
You didn't know any spells.
Your spell library was empty.

Inventory:

Hand Weapons
 a - a +0 shortbow (weapon)
Armour
 c - a +0 robe (worn)
Wands
 j - a wand of flame (4)
Scrolls
 e - 2 scrolls of identify
 g - a scroll of enchant weapon {unknown}
Potions
 b - a potion of enlightenment
 d - 3 potions of heal wounds
 f - a potion of mutation
 h - a potion of curing

Dungeon Overview and Level Annotations

Branches:
Dungeon (3/15)

Altars:

Shops:
D:3 [:

Annotations:
D:3 3 runed translucent doors


Message History

You hear a shout!
A gnoll comes into view. It is wielding a +0 halberd.
You hear a shout!
You shoot an arrow. The arrow barely misses the gnoll.
You shoot an arrow.
The arrow hits the gnoll but does no damage.
The gnoll is severely wounded.
You shoot an arrow. The arrow hits the gnoll.
You kill the gnoll!
A gnoll comes into view. It is wielding a +0 halberd.
You shoot an arrow. The arrow hits the gnoll.
The gnoll is moderately wounded.
You shoot an arrow. The arrow completely misses the gnoll.
The gnoll misses you.
You shoot an arrow. The arrow hits the gnoll.
The gnoll is heavily wounded.
The gnoll closely misses you.
A gnoll comes into view. It is wielding a +0 whip.
You shoot an arrow. The gnoll shouts!
The arrow hits the gnoll.
The gnoll is almost dead.
The gnoll hits you from afar with a +0 halberd.
A giant cockroach comes into view.
You shoot an arrow. The arrow hits the gnoll.
The gnoll is almost dead.
The gnoll misses you.
You shoot an arrow. The arrow completely misses the gnoll.
The arrow hits the gnoll but does no damage.
The gnoll hits you from afar with a +0 halberd!
Ouch! That really hurt!
The gnoll barely misses you.
You shoot an arrow.
The arrow hits the gnoll but does no damage.
The gnoll is almost dead.
The gnoll misses you. The gnoll barely misses you.
You shoot an arrow. The arrow closely misses the gnoll. x2
The arrow barely misses the giant cockroach.
The gnoll hits you from afar with a +0 halberd!
You die...

### #. ..... +. ....
#...... o#8#.. #.. .B.
.###.. #..#g###....###
..##..#gg.#o.......
..........######+++###
#...?..@..8...........
......................
............##.# ..#.#
###...#.##..##.# ...#
#...#.##.....####..#
#..................#
#...#.##..##.#####.###
#...#>##..##.# ###...#
. #.##..##.###...#..


You could see 3 gnolls and a giant cockroach.

Vanquished Creatures
  A phantom (D:3)
  A bombardier beetle (D:3)
  Jessica (D:2)
  A gnoll (D:3)
  4 adders
  2 dart slugs (D:2)
  2 orcs
  4 ball pythons
  6 endoplasms
  3 giant cockroaches
  6 goblins
  4 hobgoblins
  9 jackals
  6 kobolds
  4 quokkas
  8 frilled lizards
  3 rats
65 creatures vanquished.

Notes
Turn   | Place    | Note
-------+----------+-------------------------------------------
     0 | D:1      | qw the Spriggan Hunter began the quest for the Orb.
     0 | D:1      | Reached XP level 1. HP: 10/10 MP: 2/2
     0 | D:1      | 0 ||| qw: Version: 0.3-a-155-g5e7d8dd
     0 | D:1      | 0 ||| qw: Game counter: 399
     0 | D:1      | 0 ||| qw: Melee chars always use a shield: true
     0 | D:1      | 0 ||| qw: God list: Okawaru
     0 | D:1      | 0 ||| qw: Allow faded altars: false
     0 | D:1      | 0 ||| qw: Do Orc after clearing Dungeon:15 true
     0 | D:1      | 0 ||| qw: Do second Lair branch before Depths: true
     0 | D:1      | 0 ||| qw: Lair rune preference: random
     0 | D:1      | 0 ||| qw: Goals: Normal
     0 | D:1      | 0 ||| PLANNING D:1-11
    47 | D:1      | Reached skill level 3 in Dodging
    88 | D:1      | Reached XP level 2. HP: 14/14 MP: 3/3
   146 | D:1      | Found a faded altar of an unknown god.
   597 | D:1      | Reached XP level 3. HP: 18/18 MP: 4/4
   732 | D:1      | 732 ||| READING 2 scrolls labelled VOFACE AGHO.
   732 | D:1      | 732 ||| IDENTIFYING bubbling inky potion
   733 | D:1      | 733 ||| READING scroll of identify.
   733 | D:1      | 733 ||| IDENTIFYING 2 silvery potions
   734 | D:1      | 734 ||| READING scroll labelled TOAPTY LEEHYDE.
   735 | D:1      | 735 ||| DRINKING 2 sedimented grey potions.
   736 | D:1      | 736 ||| DROPPING scroll of butterflies.
   737 | D:1      | 737 ||| DROPPING potion of attraction.
   996 | D:2      | Reached skill level 5 in Ranged Weapons
  1131 | D:2      | Reached XP level 4. HP: 22/22 MP: 5/5
  1163 | D:2      | 1163 ||| FLEEEEING.
  1182 | D:2      | Noticed Jessica
  1190 | D:2      | Killed Jessica
  1205 | D:2      | 1205 ||| FLEEEEING.
  1441 | D:2      | 1441 ||| DROPPING ring of magical power.
  1442 | D:2      | 1442 ||| READING 2 scrolls of identify.
  1442 | D:2      | 1442 ||| IDENTIFYING metallic pink potion
  1443 | D:2      | 1443 ||| READING scroll of identify.
  1443 | D:2      | 1443 ||| IDENTIFYING smoky blue potion
  1444 | D:2      | 1444 ||| READING scroll labelled GAOSICZIRET.
  1450 | D:2      | 1450 ||| FLEEEEING.
  1451 | D:2      | 1451 ||| FLEEEEING.
  1452 | D:2      | 1452 ||| FLEEEEING.
  1562 | D:3      | 1562 ||| STAIRDANCE
  1566 | D:3      | 1566 ||| STAIRDANCE
  1570 | D:3      | 1570 ||| STAIRDANCE
  1574 | D:3      | 1574 ||| STAIRDANCE
  1607 | D:3      | 1607 ||| STAIRDANCE
  1711 | D:3      | Found Haesuwes's Antique Armour Boutique.
  1734 | D:3      | Found Poynlit's Book Shoppe.
  1856 | D:3      | Noticed a phantom
  1857 | D:3      | 1857 ||| ZAPPING wand of flame (11) at -2,5 (phantom;
                  | floor).
  1858 | D:3      | 1858 ||| ZAPPING wand of flame (10) at -1,4 (phantom;
                  | floor).
  1859 | D:3      | 1859 ||| ZAPPING wand of flame (9) at -1,3 (phantom;
                  | floor).
  1860 | D:3      | 1860 ||| ZAPPING wand of flame (8) at 0,2 (phantom; floor).
  1861 | D:3      | 1861 ||| ZAPPING wand of flame (7) at 0,1 (phantom; floor).
  1862 | D:3      | 1862 ||| ZAPPING wand of flame (6) at 0,1 (phantom; floor).
  1863 | D:3      | 1863 ||| ZAPPING wand of flame (5) at 0,1 (phantom; floor).
  1863 | D:3      | Killed a phantom
  1864 | D:3      | Reached XP level 5. HP: 26/26 MP: 6/6
  1892 | D:3      | Reached skill level 6 in Ranged Weapons
  1961 | D:3      | Found a runed translucent gate.
  1961 | D:3      | Found a runed translucent gate.
  1961 | D:3      | Found a runed translucent gate.
  2000 | D:3      | Slain by a gnoll

Levels and vault maps discovered:
D:1:      lightli_arrival_lavapool, layout_basic,
          chequers_ecumenical_altar_grove
D:2:      layout_basic, minmay_bisected, uniq_jessica
D:3:      layout_basic, biasface_ghost_orc_armoury, serial_shops, shop, shop

Skill      XL: |  1  2  3  4  5 |
---------------+----------------+-----
Dodging        | 3 4 5 |  5.1
Ranged Weapons | 5 6 |  6.1
Fighting       | 2 |  2.0
Stealth        | |  1.5

Action                     |  1- 3 |  4- 6 || total
---------------------------+-------+-------++-------
   Fire: Shortbow          |   103 |    76 ||   179
  Evoke: Wand              |       |     7 ||     7
    Use: Scroll            |     3 |     3 ||     6
         Potion            |     1 |       ||     1
 Armour: Robe              |    13 |    13 ||    26
  Dodge: Dodged            |    52 |    27 ||    79

Table legend:
 A = Non-vault XP
 B = Vault XP
 C = Vault XP percentage of total XP
 D = Non-vault monster count
 E = Vault monster count
 F = Vault count percentage of total count
                 A         B        C        D         E       F
            +---------+---------+-------+---------+---------+-------
      Total |     305 |      52 |  14.6 |      62 |       3 |   4.6
            +---------+---------+-------+---------+---------+-------
        D:1 |      50 |       0 |   0.0 |      30 |       0 |   0.0
        D:2 |      63 |      52 |  45.2 |      21 |       3 |  12.5
        D:3 |     192 |       0 |   0.0 |      11 |       0 |   0.0
            +---------+---------+-------+---------+---------+-------
